 Dungeon Crawl Stone Soup version 0.17-a0-1583-g2df49ec (webtiles) character file.

144 patman the Chopper (level 5, -1/41 HPs)
             Began as a Formicid Abyssal Knight on July 28, 2015.
             Was a Believer of Lugonu.
             Slain by Natasha (2 damage)
             ... on level 3 of the Dungeon.
             The game lasted 00:03:45 (1891 turns).

patman the Chopper (Formicid Abyssal Knight)        Turns: 1891, Time: 00:03:45

Health: -1/41      AC:  8    Str: 18    XL:     5   Next: 51%
Magic:  8/8        EV:  9    Int: 11    God:    Lugonu [**....]
Gold:   160        SH:  3    Dex: 13    Spells: 0 memorised, 4 levels left

rFire  . . .     SeeInvis +     r - +0 war axe
rCold  . . .     Clarity  .     i - +0 scale mail
rNeg   . . .     SustAt   .     e - +0 buckler
rPois  .         Gourm    .     (helmet unavailable)
rElec  .         Spirit   .     d - +0 cloak
rCorr  .         Warding  .     (no gloves)
rMut   .         Stasis   +     b - +0 pair of boots
MR     .....                    (no amulet)
Stlth  ..........               (no ring)
                                f - +3 ring of dexterity

@: not resistant to hostile enchantments, extremely unstealthy
A: permanent stasis, dig shafts and tunnels, four strong arms, antennae 3
a: Dig, Shaft Self, Depart the Abyss, Bend Space, Renounce Religion


You were on level 3 of the Dungeon.
You worshipped Lugonu.
Lugonu was pleased with you.
You were full.

You visited 1 branch of the dungeon, and saw 3 of its levels.
You visited the Abyss 1 time.

You collected 160 gold pieces.

Inventory:

Hand weapons
 r - a +0 war axe (weapon)
Armour
 b - a +0 pair of boots (worn)
 d - a +0 cloak (worn)
 e - a +0 buckler (worn)
 i - a +0 scale mail (worn)
Jewellery
 f - a +3 ring of dexterity (left hand)
Magical devices
 q - a wand of flame (29)
Scrolls
 a - a scroll of remove curse {unknown}
 g - 6 scrolls of identify {unknown}
 k - a scroll of teleportation {unknown}
 n - a scroll of fog {unknown}
 p - 2 scrolls of blinking {unknown}
 s - a scroll of recharging {unknown}
Potions
 m - 2 potions of heal wounds {unknown}
 o - 2 potions of magic {unknown}
 t - a potion of brilliance {unknown}
Comestibles
 c - a bread ration
 h - 2 meat rations
 j - 5 fruits
 u - 2 chunks of flesh


   Skills:
 - Level 3.2 Fighting
 * Level 4.4 Axes
 - Level 2.1 Armour
 - Level 0.8 Dodging
 - Level 4.0 Invocations


You had 4 spell levels left.
You didn't know any spells.

Dungeon Overview and Level Annotations

Branches:
Dungeon (3/15)

Altars:
Zin

Annotations:
D:3 Natasha


Innate Abilities, Weirdness & Mutations

You are under a permanent stasis effect.
You can dig through walls and to a lower floor.
Your four strong arms can wield two-handed weapons with a shield.
You have a pair of large antennae on your head (SInv).


Message History

Natasha is almost dead.
Natasha drinks a potion.
Natasha is healed!
Drink which item? (? for menu, Esc to quit)
You feel better.
Natasha stares at you and mumbles some strange words.
The magic dart hits you!
* * * LOW HITPOINT WARNING * * *
Unknown command.
Unknown command.
You closely miss Natasha.
Natasha is moderately wounded.
Natasha barely misses you.
Natasha zaps a wand.
The puff of flame hits you!
* * * LOW HITPOINT WARNING * * *
You hit Natasha but do no damage.
Natasha is moderately wounded.
You block Natasha's attack.
You hit Natasha.
Natasha is severely wounded.
Natasha claws you.
You die...

#.......# #.......##### {
########).........#
.......'(....####.#
########.....# #.#
.........####.#
........#.##....# ###
....####..#.##....#####....
................@h)........
................#(.........
............###.###.####.#
#########<### #.##.......#
### #..#..###### ##.#.....#
#.#...#.# #รท#...# #
#...(.#


You could see Natasha.

Vanquished Creatures
  Ijyb (D:2)
  Natasha (D:3)
  4 adders
  2 worms
  2 giant geckos
  An orc (D:3)
  2 ball pythons
  6 bats
  A giant cockroach (D:2)
  6 goblins
  8 hobgoblins
  6 kobolds
  3 giant newts
  6 rats
49 creatures vanquished.

Notes
Turn   | Place    | Note
--------------------------------------------------------------
     0 | Abyss:1  | patman the Formicid Abyssal Knight began the quest for the Orb.
     0 | Abyss:1  | Reached XP level 1. HP: 18/18 MP: 2/2
     7 | Abyss:1  | Found a bloodstained altar of Trog.
    14 | D:1      | Escaped the Abyss
    89 | D:1      | Reached XP level 2. HP: 22/24 MP: 3/3
   362 | D:1      | Reached XP level 3. HP: 25/29 MP: 4/4
   407 | D:1      | You fall through a shaft!
   420 | D:2      | Acquired Lugonu's second power
   743 | D:2      | Noticed Ijyb
   753 | D:2      | Killed Ijyb
   753 | D:2      | Reached XP level 4. HP: 33/35 MP: 4/6
   895 | D:2      | Found a glowing silver altar of Zin.
   993 | D:2      | Reached skill level 4 in Invocations
  1385 | D:3      | Reached XP level 5. HP: 30/41 MP: 8/8
  1549 | D:3      | Noticed Natasha
  1825 | D:3      | Killed Natasha
  1880 | D:3      | Noticed Natasha
  1885 | D:3      | HP: 1/41 [Natasha/wand of flame (8)]
  1891 | D:3      | Slain by Natasha

Vault maps used:
D:1:      elethiomel_arrival_infinity_welcomes_careful_drivers
D:2:      lemuel_round_altar, serial_bayou_pond_a, uniq_iyjb
D:3:      uniq_natasha

Action                   |  1- 3 |  4- 6 || total
-------------------------+-------+-------++-------
Melee: Hand axe          |    79 |    12 ||    91
       War axe           |       |    96 ||    96
  Use: Potion            |       |     1 ||     1
  Eat: Beef jerky        |       |     3 ||     3
       Pizza             |       |     1 ||     1
       Royal jelly       |       |     1 ||     1
